 Dungeon Crawl Stone Soup version 0.28.0-53-g5a82cb258f (webtiles) character file.

Game seed: 3426877738244681389

35 styxcanada the Sneak (level 3, -1/18 HPs)
             Began as a Spriggan Brigand on July 10, 2022.
             Killed from afar by Sigmund (5 damage)
             ... with a magic dart
             ... on level 2 of the Dungeon.
             The game lasted 00:04:44 (1154 turns).

styxcanada the Sneak (Spriggan Brigand)             Turns: 1154, Time: 00:04:45

Health: -1/18      AC:  3    Str:  7    XL:     3   Next: 17%
Magic:  4/4        EV: 16    Int: 12    God:
Gold:   56         SH:  0    Dex: 18    Spells: 2/2 levels left

rFire   . . .      SeeInvis +   a - +2 dagger
rCold   . . .      Faith    .   (no shield)
rNeg    . . .      Spirit   .   b - +0 robe
rPois   .          Reflect  .   (helmet restricted)
rElec   .          Harm     .   c - +0 cloak
rCorr   .          Rampage  .   (gloves unavailable)
Will    .....                   (boots unavailable)
Stlth   ++++......              (no amulet)
HPRegen 0.06/turn               (no ring)
MPRegen 0.09/turn               (no ring)

@: very quick
A: very small, no large weapons, unfitting armour, see invisible, speed 3
a: no special abilities


You were on level 2 of the Dungeon.
You visited 1 branch of the dungeon, and saw 2 of its levels.

You collected 56 gold pieces.

Inventory:

Hand Weapons
 a - a +2 dagger (weapon)
Missiles
 f - 80 stones (quivered)
 g - 30 sling bullets
Armour
 b - a +0 robe (worn)
 c - a +0 cloak (worn)
Scrolls
 h - a scroll of enchant armour {unknown}
 i - a scroll of identify {unknown}
 k - a scroll of fear {unknown}
Potions
 j - a potion of curing {unknown}


   Skills:
 * Level 1.7 Fighting
 + Level 2.3 Short Blades
 + Level 2.1 Throwing
 * Level 1.5 Dodging
 * Level 7.2 Stealth


You had 2 spell levels left.
You didn't know any spells.
Your spell library contained the following spells:

 Spells                   Type           Power      Damage    Failure   Level
 Stone Arrow              Conj/Erth      0%         3d7       69%         3
 Animate Armour           Summ/Erth      0%         N/A       97%         4
 Lehudib's Crystal Spear  Conj/Erth      0%         10d2      100%        8


Dungeon Overview and Level Annotations

Branches:
Dungeon (2/15)

Altars:

Annotations:
D:2 Sigmund


Innate Abilities, Weirdness & Mutations

You are very small and have problems with some larger weapons.
You are too small for most types of armour.
You have supernaturally acute eyesight. (SInv)
You cover ground extremely quickly. (Speed+++)


Message History

Throw: 4 darts (poison)
Press: ? - help, Q - select action, (/) - cycle Shift-Dir - straight line, f/p - Sigmund
Aim: Sigmund, wielding a +0 scythe and wearing a +0 robe (lightly wounded, slightly transparent, poisoned, 58% to hit)
You throw a poisoned dart. The poisoned dart hits Sigmund.
Sigmund is lightly wounded.
Sigmund gestures at you while chanting. The magic dart hits you!
* * * LOW HITPOINT WARNING * * *
Throw: 3 darts (poison)
Press: ? - help, Q - select action, (/) - cycle Shift-Dir - straight line, f/p - Sigmund
Aim: Sigmund, wielding a +0 scythe and wearing a +0 robe (lightly wounded, slightly transparent, poisoned, 58% to hit)
You throw a poisoned dart. The poisoned dart hits Sigmund.
Sigmund looks even sicker.
Sigmund is lightly wounded.
Throw: 2 darts (poison)
Press: ? - help, Q - select action, (/) - cycle Shift-Dir - straight line, f/p - Sigmund
Aim: Sigmund, wielding a +0 scythe and wearing a +0 robe (lightly wounded, slightly transparent, very poisoned, 58% to hit)
You throw a poisoned dart.
The poisoned dart closely misses Sigmund.
The poisoned dart hits the quokka.
The quokka is poisoned.
Things that are here:
a +0 dagger; a goblin corpse Throw: dart (poison)
Press: ? - help, Q - select action, (/) - cycle Shift-Dir - straight line, f/p - Sigmund
Aim: Sigmund, wielding a +0 scythe and wearing a +0 robe (moderately wounded, slightly transparent, poisoned, 58% to hit)
You throw a poisoned dart.
The poisoned dart closely misses Sigmund.
Throw: 2 darts (curare)
Press: ? - help, Q - select action, (/) - cycle Shift-Dir - straight line, f/p - Sigmund
Aim: Sigmund, wielding a +0 scythe and wearing a +0 robe (moderately wounded, slightly transparent, poisoned, 58% to hit)
You throw a curare-tipped dart.
The curare-tipped dart barely misses Sigmund.
Throw: dart (curare)
Press: ? - help, Q - select action, (/) - cycle Shift-Dir - straight line, f/p - Sigmund
Aim: Sigmund, wielding a +0 scythe and wearing a +0 robe (heavily wounded, slightly transparent, 58% to hit)
You throw a curare-tipped dart.
The curare-tipped dart barely misses Sigmund.
Sigmund casts a spell at you. The magic dart hits you.
You die...

..##.##..####.# #.#
.###.##..# #.# #.# .#
#.##..####.# #.# ##
#.##.......# #.#
#.##...##### #.#
####.#.....## #.#
.)....†.....## ##)##
####.........####...##
...'.........+..@....#
####.........####...##
...##.......##
##.##### ##.###.....##
#...@..# # ##...##
#[.###r# ##+## #..#
#.# #..###)# #....#.#
##.## #.##.#@#


You could see Sigmund (invisible).

Vanquished Creatures
  An adder (D:2)
  A dart slug (D:1)
  2 endoplasms (D:1)
  6 goblins
  A hobgoblin (D:1)
  5 kobolds
  2 ball pythons
  3 bats
  3 rats
24 creatures vanquished.

Notes
Turn   | Place    | Note
-------+----------+-------------------------------------------
     0 | D:1      | styxcanada the Spriggan Brigand began the quest for the
                  | Orb.
     0 | D:1      | Reached XP level 1. HP: 10/10 MP: 2/2
    26 | D:1      | Reached skill level 6 in Stealth
   246 | D:1      | Reached XP level 2. HP: 11/14 MP: 3/3
   660 | D:1      | You fall into a shaft and drop 1 floor!
   723 | D:1      | Found a faded altar of an unknown god.
   907 | D:2      | Reached skill level 7 in Stealth
   960 | D:2      | Reached XP level 3. HP: 14/18 MP: 4/4
  1109 | D:2      | Noticed Sigmund
  1154 | D:2      | Killed from afar by Sigmund

Illustrated notes

Levels and vault maps discovered:
D:1:      roderic_chinese_lattice_arrival, layout_loops_ring,
          hellmonk_ecumenical_altar_run_dry, minmay_misc_feat_chi
D:2:      layout_loops_corners, uniq_natasha, uniq_sigmund

Skill      XL: |  1  2 |
---------------+-------+-----
Stealth        | 6 7 |  7.2
Fighting       | |  1.7
Short Blades   | |  2.3
Throwing       | |  2.1
Dodging        | |  1.5

Action                   || total
-------------------------++-------
Melee: Dagger            ||    49
       Punch             ||     1
Throw: Dart              ||    12
 Stab: Sleeping          ||    10
Armor: Robe              ||     8
Dodge: Dodged            ||    24
